 Dungeon Crawl Stone Soup version 0.27.0-1-g7a089689b8 (webtiles) character file.

Game seed: 18201711515733013195

113 garrulousMonolith the Insei (level 4, -1/34 HPs)
             Began as a Gnoll Transmuter on Aug 2, 2021.
             Slain by a hornet (13 damage)
             ... on level 4 of the Dungeon.
             The game lasted 00:03:08 (3397 turns).

garrulousMonolith the Insei (Gnoll Transmuter)      Turns: 3397, Time: 00:03:08

Health: -1/34      AC:  3    Str: 10    XL:     4   Next: 96%
Magic:  6/11       EV: 13    Int: 12    God:
Gold:   150        SH:  0    Dex: 13    Spells: 7/13 levels left

rFire    . . .     SeeInvis .     - Unarmed
rCold    . . .     Faith    .   (no shield)
rNeg     . . .     Spirit   .   o - +0 leather armour
rPois    .         Reflect  .   (helmet currently unavailable)
rElec    .         Harm     .   (no cloak)
rCorr    .         Rampage  .   (no gloves)
Will     .....                  (boots currently unavailable)
Stlth    +.........             (no amulet)
HPRegen  0.11/turn              (no ring)
MPRegen  0.12/turn              (no ring)

@: lethally poisoned (-1 -> -10), appendages, wereblooded, very slightly
contaminated, slowed, very slow
A: horns 2, talons 2, fangs 1, strong nose, distributed training
a: End Transformation


You were on level 4 of the Dungeon.
You had temporarily grown beastly horns and talons.
You visited 1 branch of the dungeon, and saw 4 of its levels.

You collected 150 gold pieces.

Inventory:

Missiles
 m - 5 boomerangs (quivered)
Armour
 a - a +0 helmet (melded)
 o - a +0 leather armour (worn)
Jewellery
 g - a ring of fire
Scrolls
 b - a scroll of holy word {unknown}
 c - a scroll of immolation {unknown}
 d - 3 scrolls of enchant weapon
 e - 2 scrolls of teleportation {unknown}
 f - a scroll of vulnerability {unknown}
 h - 2 scrolls of fear
 i - a scroll of enchant armour {unknown}
 l - a scroll of magic mapping {unknown}
Potions
 j - 2 potions of heal wounds {unknown}
 k - a potion of berserk rage {unknown}
 n - a potion of flight {unknown}
 p - a potion of mutation {unknown}


   Skills:
 + Level 2.8 Fighting
 + Level 1.3 Short Blades
 + Level 1.3 Long Blades
 + Level 1.3 Axes
 + Level 1.3 Maces & Flails
 + Level 1.3 Polearms
 + Level 1.3 Staves
 + Level 1.3 Slings
 + Level 1.3 Bows
 + Level 1.3 Crossbows
 + Level 1.3 Throwing
 + Level 1.3 Armour
 + Level 4.7 Dodging
 + Level 1.3 Stealth
 + Level 1.3 Shields
 + Level 6.6 Unarmed Combat
 + Level 5.1 Spellcasting
 + Level 1.0 Conjurations
 + Level 1.0 Hexes
 + Level 1.0 Summonings
 + Level 1.0 Necromancy
 + Level 1.0 Translocations
 + Level 3.9 Transmutations
 + Level 1.0 Fire Magic
 + Level 1.0 Ice Magic
 + Level 1.0 Air Magic
 + Level 1.0 Earth Magic
 + Level 1.0 Poison Magic
 + Level 1.4 Invocations
 + Level 1.3 Evocations


You had 7 spell levels left.
You knew the following spells:

 Your Spells              Type           Power      Damage    Failure   Level
a - Beastly Appendage     Tmut           24%        N/A       5%          1
b - Wereblood             Tmut           12%        N/A       8%          2
c - Spider Form           Tmut/Pois      4%         N/A       28%         3

Your spell library contained the following spells:

 Spells                   Type           Power      Damage    Failure   Level
 Stone Arrow              Conj/Erth      10%        3d7       45%         3
 Ice Form                 Ice/Tmut       9%         N/A       67%         4
 Animate Armour           Summ/Erth      10%        N/A       86%         4
 Lehudib's Crystal Spear  Conj/Erth      2%         10d2      100%        8


Dungeon Overview and Level Annotations

Branches:
Dungeon (4/15)
 Temple: D:4-7

Altars:

Annotations:
D:3 3 runed translucent doors, AlmostDecent's ghost, amateur GrFi


Innate Abilities, Weirdness & Mutations

You have temporarily grown beastly horns and talons.
You have very sharp teeth.
Your uncanny sense of smell can sniff out nearby items.
Your experience applies equally to all skills.


Message History

Things that are here:
a +0 dagger; a kobold corpse
p - a cyan potion You now have 150 gold pieces (gained 15).
A kobold brigand comes into view.
It is wielding a +0 dagger and quivering poisoned darts.
The kobold brigand shouts!
You hear an angry buzzing noise.
A kobold brigand is nearby!
Casting: Spider Form (quite dangerous; 28% risk of failure)
Confirm with . or Enter, or press ? or * to list all spells.
The spell is quite dangerous to cast (28% risk of failure)!
Continue anyway?
You miscast Spider Form.
You are very lightly contaminated with residual magic.
Nothing appears to happen.
Unknown command.
Casting: Spider Form (quite dangerous; 28% risk of failure)
Confirm with . or Enter, or press ? or * to list all spells.
You grow a pair of large bovine horns.
Your feet morph into talons.
Your +0 helmet melds into your body.
A hornet comes into view.
The kobold brigand hits you with a +0 dagger.
Casting: Beastly Appendage (safe; 5% risk of failure)
Confirm with . or Enter, or press ? or * to list all spells.
Your blood is infused with primal strength.
The hornet closely misses you. The hornet barely misses you.
The kobold brigand barely misses you. The hornet stings you.
You feel yourself slow down.
The kobold brigand hits you but does no damage.
You punch the kobold brigand! Your kick misses the kobold brigand.
The kobold brigand is moderately wounded.
The hornet barely misses you. The hornet stings you!
You are poisoned.
You feel as though you will be slow longer.
The kobold brigand closely misses you.
You are too injured to fight recklessly!
You are too injured to fight recklessly!
You feel very sick. The hornet closely misses you.
The kobold brigand hits you with a +0 dagger.
The hornet stings you!
You die...

. ## .. ##. .#..# #
..#. #.##..###
#.......# #
#...$Ky$# .#
#....#@## ##..#
.......# #.# .....#
....#. ##.##...#
....#. ##..#..#
......##...)..###.
......#............
...#......##.....##
#.........# .###.#
###....#....... .#


You could see a hornet and a kobold brigand.

Vanquished Creatures
  Robin (D:3)
  3 adders
  3 worms (D:2)
  3 dart slugs
  6 endoplasms
  3 giant cockroaches
  2 hobgoblins
  3 kobolds
  4 quokkas
  3 ball pythons
  6 bats
  4 frilled lizards
  14 goblins
  3 rats
58 creatures vanquished.

Vanquished Creatures (others)
  A goblin (D:1)
1 creature vanquished.

Grand Total: 59 creatures vanquished

Notes
Turn   | Place    | Note
-------+----------+-------------------------------------------
     0 | D:1      | garrulousMonolith the Gnoll Transmuter began the quest for
                  | the Orb.
     0 | D:1      | Reached XP level 1. HP: 17/17 MP: 6/6
   110 | D:1      | Found a faded altar of an unknown god.
   183 | D:1      | Reached XP level 2. HP: 6/23 MP: 7/7
   418 | D:1      | Learned a level 2 spell: Wereblood
   853 | D:2      | Reached skill level 5 in Spellcasting
   853 | D:2      | Reached XP level 3. HP: 18/28 MP: 6/9
   990 | D:2      | Learned a level 3 spell: Spider Form
  1241 | D:2      | Reached skill level 1 in Invocations
  1417 | D:2      | Reached skill level 1 in Short Blades
  1417 | D:2      | Reached skill level 1 in Long Blades
  1417 | D:2      | Reached skill level 1 in Axes
  1417 | D:2      | Reached skill level 1 in Maces & Flails
  1417 | D:2      | Reached skill level 1 in Polearms
  1417 | D:2      | Reached skill level 1 in Staves
  1417 | D:2      | Reached skill level 1 in Slings
  1417 | D:2      | Reached skill level 1 in Bows
  1417 | D:2      | Reached skill level 1 in Crossbows
  1417 | D:2      | Reached skill level 1 in Throwing
  1417 | D:2      | Reached skill level 1 in Armour
  1417 | D:2      | Reached skill level 1 in Stealth
  1417 | D:2      | Reached skill level 1 in Shields
  1417 | D:2      | Reached skill level 1 in Evocations
  1672 | D:2      | Reached XP level 4. HP: 33/34 MP: 9/11
  2571 | D:3      | Found a runed translucent gate.
  2571 | D:3      | Found a runed translucent gate.
  2571 | D:3      | Found a runed translucent gate.
  2576 | D:3      | Noticed AlmostDecent's ghost (amateur GrFi)
  2651 | D:3      | Reached skill level 1 in Conjurations
  2651 | D:3      | Reached skill level 1 in Hexes
  2651 | D:3      | Reached skill level 1 in Summonings
  2651 | D:3      | Reached skill level 1 in Necromancy
  2651 | D:3      | Reached skill level 1 in Translocations
  2651 | D:3      | Reached skill level 1 in Fire Magic
  2651 | D:3      | Reached skill level 1 in Ice Magic
  2651 | D:3      | Reached skill level 1 in Air Magic
  2651 | D:3      | Reached skill level 1 in Earth Magic
  2651 | D:3      | Reached skill level 1 in Poison Magic
  3042 | D:3      | Noticed Robin
  3056 | D:3      | Killed Robin
  3390 | D:4      | Noticed a kobold brigand
  3392 | D:4      | Noticed a hornet
  3397 | D:4      | Slain by a hornet

Illustrated notes

Levels and vault maps discovered:
D:1:      dpeg_arrival_windows_large_door, layout_rooms, basic_ecumenical_altar,
          lemuel_old_faithful
D:2:      layout_rooms
D:3:      layout_basic, gammafunk_ghost_necromancy, uniq_robin
D:4:      layout_cave_pools, minmay_temple_entry_statues_pillars, uniq_natasha

Skill      XL: |  1  2  3  4 |
---------------+-------------+-----
Spellcasting   | 5 |  5.1
Invocations    | 1 |  1.4
Short Blades   | 1 |  1.3
Long Blades    | 1 |  1.3
Axes           | 1 |  1.3
Maces & Flails | 1 |  1.3
Polearms       | 1 |  1.3
Staves         | 1 |  1.3
Slings         | 1 |  1.3
Bows           | 1 |  1.3
Crossbows      | 1 |  1.3
Throwing       | 1 |  1.3
Armour         | 1 |  1.3
Stealth        | 1 |  1.3
Shields        | 1 |  1.3
Evocations     | 1 |  1.3
Conjurations   | 1 |  1.0
Hexes          | 1 |  1.0
Summonings     | 1 |  1.0
Necromancy     | 1 |  1.0
Translocations | 1 |  1.0
Fire Magic     | 1 |  1.0
Ice Magic      | 1 |  1.0
Air Magic      | 1 |  1.0
Earth Magic    | 1 |  1.0
Poison Magic   | 1 |  1.0
Fighting       | |  2.8
Dodging        | |  4.7
Unarmed Combat | |  6.6
Transmutations | |  3.9

Action                   |  1- 3 |  4- 6 || total
-------------------------+-------+-------++-------
Melee: Unarmed           |    86 |    54 ||   140
       Kick              |    15 |     4 ||    19
       Headbutt          |    10 |     3 ||    13
       Punch             |     1 |       ||     1
       Bite              |     4 |     1 ||     5
 Cast: Beastly Appendage |    20 |    12 ||    32
       Wereblood         |     2 |     3 ||     5
       Spider Form       |       |     2 ||     2
  Use: Scroll            |     1 |     1 ||     2
 Stab: Sleeping          |     1 |       ||     1
Armor: Robe              |    15 |     6 ||    21
       Leather armour    |       |     4 ||     4
Dodge: Dodged            |    53 |    42 ||    95
